 Dungeon Crawl Stone Soup version 0.30.1-4-g462c640d31 (webtiles) character file.

Game seed: 11726696634521664338

808 MrPagan1517 the Ruffian (level 7, -8/55 HPs)
             Began as a White Draconian Transmuter on Aug 21, 2023.
             Was an Initiate of Fedhas.
             Killed by divine providence
             ... invoked by an orc priest
              (13 damage)
             ... on level 5 of the Dungeon.
             The game lasted 00:32:08 (4407 turns).

MrPagan1517 the Ruffian (DrTm)                      Turns: 4407, Time: 00:32:08

Health: -8/55      AC:  6    Str: 13    XL:     7   Next: 60%
Magic:  11/11      EV: 13    Int: 15    God:    Fedhas [......]
Gold:   248        SH:  0    Dex: 11    Spells: 8/11 levels left

rFire   . .          .
                       - Unarmed
rCold   + . .        (no shield)
rNeg    + . .        (body armour unavailable)
rPois   .            (helmet restricted)
rElec   .            (no cloak)
rCorr   .            (no gloves)
SInv    .            (no boots)
Will    .....        (no amulet)
Stlth   +            f - ring of positive energy
HPRegen 0.29/turn    (no ring)
MPRegen 0.12/turn

%: no passive effects
@: no status effects
A: breathe frost, AC +6, unfitting armour, cold resistance 1, cold-blooded, wild
magic 1
a: Breathe Frost, Renounce Religion


You were on level 5 of the Dungeon.
You worshipped Fedhas.
Fedhas was noncommittal.
You visited 2 branches of the dungeon, and saw 6 of its levels.

You collected 272 gold pieces.
You spent 24 gold pieces at shops.

Inventory:

Jewellery
 f - a ring of positive energy (left hand)
Scrolls
 h - a scroll of blinking
Potions
 a - a potion of berserk rage
 b - a potion of brilliance
 c - a potion of flight
 d - a potion of ambrosia {unknown}
 e - a potion of mutation
 i - a potion of might {unknown}
 j - a potion of haste


   Skills:
 + Level 2.0 Fighting
 + Level 4.5 Dodging
 - Level 0.7 Stealth
 + Level 6.5 Unarmed Combat
 * Level 2.9 Spellcasting
 + Level 2.8 Transmutations
 * Level 1.7 Ice Magic


You had 8 spell levels left.
You knew the following spells:

 Your Spells              Type           Power      Damage    Failure   Level
a - Beastly Appendage     Tmut           26%        N/A       10%         1
b - Wereblood             Tmut           13%        N/A       14%         2

Your spell library contained the following spells:

 Spells                   Type           Power      Damage    Failure   Level
 Ensorcelled Hibernation  Hex/Ice        12%        N/A       30%         2
 Spider Form              Tmut/Pois      8%         N/A       43%         3
 Portal Projectile        Hex/Tloc       4%         N/A       61%         3
 Tukima's Dance           Hex            2%         N/A       61%         3
 Ice Form                 Ice/Tmut       11%        N/A       69%         4
 Blade Hands              Tmut           6%         N/A       91%         5
 Anguish                  Hex/Necr       1%         N/A       94%         4


Dungeon Overview and Level Annotations

Branches:
Dungeon (5/15)             Temple (1/1) D:4

Altars:
Cheibriados
Dithmenos
Fedhas
Gozag
Hepliaklqana
Kikubaaqudgha
Qazlal
Ru
Trog
Uskayaw
Vehumet
Wu Jian
Xom
The Shining One

Shops:
D:3 ?


Innate Abilities, Weirdness & Mutations

You can breathe waves of freezing cold which knock back foes.
Your icy white scales are hard. (AC +6)
You cannot fit into any form of body armour.
Your flesh is cold resistant. (rC+)
You are cold-blooded and may be slowed by cold attacks.
Your spells are a little harder to cast, but a little more powerful.


Message History

As you read the scroll of fear, it crumbles to dust.
You assume a fearsome visage.
The orc looks frightened! x3
The orc priest looks frightened!
The orc resists with some effort.
The dart slug looks frightened!
You howl as the wereblood boils in your veins!
The orc hits you with a +0 trident.
* * * LOW HITPOINT WARNING * * *
You howl as the wereblood boils in your veins!
The orc misses you.
You hit the orc.
The orc is lightly wounded.
The orc closely misses you.
You hit the orc. Your kick misses the orc.
Your tail-slap misses the orc.
The orc is moderately wounded.
The orc barely misses you.
You closely miss the orc. You headbutt the orc.
The orc is severely wounded.
The orc hums to itself desperately, trying to keep calm.
The orc hits you with a +0 trident.
* * * LOW HITPOINT WARNING * * *
You barely miss the orc. Your kick misses the orc. You headbutt the orc.
You feel a bit better.
You kill the orc!
Fedhas appreciates your contribution to the ecosystem.
Your primal bloodlust is almost over.
Things that are here:
a +0 trident; an orc corpse Your horns disappear.
Your talons disappear.
The orc begs for mercy.
Found a club.
Your primal bloodlust has ended.
Found 3 gold pieces.
The orc priest begins to cast a cantrip, but forgets the words!
The orc priest calls down the wrath of Beogh upon you.
Beogh smites you!
* * * LOW HITPOINT WARNING * * *
The orc priest mumbles some strange prayers to Beogh against you.
Beogh smites you!
You die...
Fedhas appreciates your contribution to the ecosystem.

#............
#...).#.#..# ....#
......#.#..# #...# #
...........# #...# .#
......#....# ...##.##.
#.....#....###
.........
#.....#......###.......
......#..o.........#
#.....#.).......@#
.....................#
#.....#..#.#####o##..#
...#..#.. .... .#
......#.# #.##..#
.......# #.# .# .....
..# #.# # .$.# #### #.#


You could see an orc priest and an orc.

Vanquished Creatures
  Grinder (D:3)
  A water moccasin (D:5)
  A scorpion (D:4)
  Crazy Yiuf (D:4)
  2 orc priests (D:4)
  2 hounds (D:5)
  An orc wizard (D:4)
  3 gnolls (D:5)
  11 adders
  A shadow imp (D:5)
  An ufetubus (D:5)
  2 worms (D:3)
  3 dart slugs
  15 orcs
  9 ball pythons
  7 bats
  7 endoplasms
  5 giant cockroaches
  5 goblins
  10 hobgoblins
  9 jackals
  7 quokkas
  7 frilled lizards
  4 kobolds
  6 rats
121 creatures vanquished.

Notes
Turn   | Place    | Note
-------+----------+-------------------------------------------
     0 | D:1      | MrPagan1517 the Draconian Transmuter began the quest for
                  | the Orb.
     0 | D:1      | Reached XP level 1. HP: 16/16 MP: 3/3
    74 | D:1      | Reached XP level 2. HP: 14/23 MP: 3/5
   222 | D:1      | Learned a level 2 spell: Wereblood
   472 | D:1      | Reached XP level 3. HP: 28/28 MP: 6/6
   886 | D:2      | Reached XP level 4. HP: 33/35 MP: 7/7
  1077 | D:2      | Found a faded altar of an unknown god.
  1636 | D:3      | Found Qutais's Magic Scroll Shop.
  1672 | D:3      | Bought a scroll of identify for 24 gold pieces
  1756 | D:3      | Reached skill level 4 in Unarmed Combat
  1818 | D:3      | Noticed Grinder
  1847 | D:3      | Paralysed by Grinder for 5 turns
  1861 | D:3      | Killed Grinder
  1862 | D:3      | Reached skill level 5 in Unarmed Combat
  1862 | D:3      | Reached XP level 5. HP: 16/41 MP: 8/8
  1862 | D:3      | Reached XP level 6. HP: 19/48 MP: 9/9
  2088 | D:3      | Found a shadowy altar of Dithmenos.
  3049 | D:4      | Your scales start taking on an icy white colour.
  3049 | D:4      | Reached XP level 7. HP: 51/53 MP: 10/10
  3049 | D:4      | Gained mutation: Your flesh is cold resistant. (rC+) [White
                  | Draconian growth]
  3062 | D:4      | Reached skill level 6 in Unarmed Combat
  3223 | D:4      | Found a runed translucent door.
  3225 | D:4      | Noticed Crazy Yiuf
  3235 | D:4      | Killed Crazy Yiuf
  3558 | D:4      | Found a staircase to the Ecumenical Temple.
  3660 | Temple   | Entered the Ecumenical Temple
  3901 | Temple   | Gained mutation: Your spells are a little harder to cast,
                  | but a little more powerful. [potion of mutation]
  3965 | Temple   | Became a worshipper of Fedhas Madash
  4006 | D:5      | Entered Level 5 of the Dungeon
  4258 | D:5      | Reached skill level 1 in Ice Magic
  4407 | D:5      | Killed from afar by an orc priest

Illustrated notes

Levels and vault maps discovered:
D:1:      ebering_trefoil_twist, layout_basic, st_stairs_12, minmay_tromino_v7
D:2:      layout_basic, chequers_ecumenical_altar_simple
D:3:      minmay_chambers_of_twos, layout_basic, grunt_dithmenos_smoke,
          serial_shops, shop, uniq_grinder
D:4:      layout_cave_pools, minmay_temple_entry_statues_pillars,
          chequers_serial_rivers_small_b, uniq_crazy_yiuf_cottage
D:5:      layout_basic, gammafunk_temple_overflow_statue
Temple:   dshaligram_water_room_temple

Skill      XL: |  1  2  3  4  5  6  7 |
---------------+----------------------+-----
Dodging        | 2 3 4 |  4.5
Unarmed Combat | 5 6 |  6.5
Fighting       | 2 |  2.0
Ice Magic      | 1 |  1.7
Stealth        | |  0.7
Spellcasting   | |  2.9
Transmutations | |  2.8

Action                     |  1- 3 |  4- 6 |  7- 9 || total
---------------------------+-------+-------+-------++-------
  Melee: Unarmed           |   131 |   203 |   114 ||   448
         Tailslap          |     8 |    21 |    15 ||    44
         Kick              |     2 |    14 |     6 ||    22
         Punch             |     1 |     5 |     4 ||    10
         Headbutt          |       |    16 |     7 ||    23
   Cast: Beastly Appendage |     1 |    14 |     4 ||    19
         Wereblood         |       |       |     4 ||     4
Ability: Breathe Frost     |       |       |     2 ||     2
    Use: Scroll            |     5 |     5 |     2 ||    12
         Potion            |       |     6 |     4 ||    10
   Stab: Sleeping          |     1 |       |       ||     1
 Armour: Skin              |    52 |    89 |    44 ||   185
  Dodge: Dodged            |    88 |   158 |    96 ||   342
